AoeStats
← Notgreat Notterrible

Fortress

509703245Analyzed
4v4 RM · 4d ago on Sep 27, 2026· 108m 0s· 8 players
Game mode
Random Map
Map size
Huge
Population
200
Speed
Normal
Resources
Standard
Victory
Conquest
Starting age
Dark Age
Ending age
Imperial Age
RankedLock teamsTeams togetherTeam positionsShared explorationLock speedFull tech treeHidden civsTurbo modeCheats
Victory
Defeat
🇨🇿 Khmer · Czechia
703
+14
🇹🇷 Bohemians · Türkiye
625
+18
🇦🇷 Mongols · Argentina
612
+18
🇹🇷 Spanish · Türkiye
497
+22
🇵🇹 Persians · Portugal
682
-19
🇺🇸 Britons · United States
681
-19
🇺🇸 Huns · United States
654
-18
🇨🇦 Danes · Canada
614
-16
V snacks
5:46 Loom
7:32 Feudal Age
9:20 Town Watch
13:52 Castle Age
12:24 Horse Collar
14:13 Wheelbarrow
16:01 Loom
17:18 Double-Bit Axe
21:41 Stone Mining
26:59 Forging
26:51 Scale Mail Armor
26:39 Arson
31:17 Pikeman
Dr_foul
10:22 Feudal Age
11:39 Wheelbarrow
11:37 Double-Bit Axe
16:00 Horse Collar
18:34 Gold Mining
23:40 Castle Age
21:48 Stone Mining
24:21 Caravan
24:49 Marauders
26:55 Bow Saw
27:27 Hand Cart
27:21 Heavy Plow
29:20 Gold Shaft Mining
33:08 Imperial Age
38:36 Husbandry
38:47 Bloodlines
38:24 Town Watch
38:02 Elite Tarkan
39:06 Conscription
39:54 Town Patrol
41:56 Two-Man Saw
43:12 Chemistry
42:09 Murder Holes
42:28 Scale Barding Armor
42:33 Forging
43:53 Chain Barding Armor
46:13 Plate Barding Armor
46:15 Iron Casting
48:33 Blast Furnace
50:46 Masonry
52:30 Ballistics
70:30 Fletching
72:07 Heavy Cavalry Archer
73:15 Parthian Tactics
72:56 Padded Archer Armor
72:52 Bodkin Arrow
77:57 Leather Archer Armor
77:43 Bracer
84:55 Light Cavalry
85:02 Light Cavalry
jacobfinck
1:32 Loom
8:37 Feudal Age
11:00 Horse Collar
11:14 Double-Bit Axe
18:09 Castle Age
16:32 Fletching
16:43 Padded Archer Armor
16:59 Stone Mining
17:00 Gold Mining
19:54 Castle Age
20:54 Bow Saw
20:49 Heavy Plow
20:17 Crossbowman
20:56 Bodkin Arrow
22:29 Leather Archer Armor
30:51 Imperial Age
31:06 Yeomen
30:56 Husbandry
36:14 Arbalester
SLUG
8:34 Feudal Age
11:17 Town Watch
13:50 Castle Age
12:24 Double-Bit Axe
12:23 Horse Collar
14:25 Gold Mining
16:17 Kamandaran
16:28 Loom
17:17 Bow Saw
18:38 Wheelbarrow
21:33 Stone Mining
22:48 Hand Cart
25:29 Town Patrol
25:55 Heavy Plow
25:58 Crossbowman
29:47 Imperial Age
28:06 Thumb Ring
28:53 Forging
28:35 Fletching
30:29 Conscription
30:21 Scale Barding Armor
30:47 Citadels
31:56 Crop Rotation
36:32 Two-Man Saw
35:50 Murder Holes
36:57 Chemistry
38:12 Bodkin Arrow
38:52 Iron Casting
38:38 Chain Barding Armor
38:19 Padded Archer Armor
38:54 Elite War Elephant
41:14 Blast Furnace
40:39 Ballistics
43:21 Plate Barding Armor
43:02 Leather Archer Armor
45:49 Devotion
46:37 Hoardings
49:29 Faith
64:05 Masonry
ASİL_TÜRK
0:46 Loom
0:53 Loom
8:05 Feudal Age
8:34 Double-Bit Axe
8:34 Horse Collar
9:33 Wheelbarrow
15:27 Castle Age
17:07 Arson
17:22 Squires
16:43 Pikeman
18:51 Bow Saw
24:51 Imperial Age
27:56 Fortified Wall
27:44 Murder Holes
36:01 Forging
35:51 Scale Mail Armor
37:13 Halberdier
39:18 Chemistry
38:56 Iron Casting
38:37 Chain Mail Armor
41:37 Blast Furnace
43:54 Elite Hussite Wagon
44:41 Wagenburg Tactics
47:59 Houfnice
75:08 Plate Mail Armor
75:07 Ballistics
90:17 Coinage
89:58 Guilds
98:11 Two-Man Saw
99:33 Banking
99:04 Caravan
ogpolat
8:18 Feudal Age
8:52 Double-Bit Axe
8:54 Horse Collar
16:35 Stone Mining
16:36 Gold Mining
21:16 Castle Age
20:04 Fletching
20:16 Padded Archer Armor
29:22 Light Cavalry
30:13 Bloodlines
30:03 Husbandry
30:13 Scale Barding Armor
30:04 Bodkin Arrow
30:25 Leather Archer Armor
30:10 Scale Mail Armor
30:22 Forging
30:17 Pikeman
30:59 Squires
30:47 Gambesons
30:23 Man-at-Arms
30:51 Arson
35:03 Chain Barding Armor
36:36 Ballistics
39:54 Elite Skirmisher
48:46 Imperial Age
57:48 Chemistry
57:37 Wheelbarrow
56:48 Town Watch
60:01 Thumb Ring
59:20 Halberdier
68:30 Bracer
69:06 Plate Barding Armor
69:03 Ring Archer Armor
77:57 Bow Saw
77:56 Heavy Plow
97:35 Caravan
97:46 Guilds
98:07 Coinage
Notgreat Notterrible
0:30 Loom
8:09 Feudal Age
9:00 Town Watch
9:07 Double-Bit Axe
9:07 Horse Collar
12:43 Gold Mining
15:42 Castle Age
14:00 Stone Mining
17:19 Town Patrol
18:05 Bow Saw
18:00 Heavy Plow
18:42 Gold Shaft Mining
18:45 Stone Shaft Mining
22:03 Husbandry
22:16 Bloodlines
30:22 Imperial Age
27:26 Elite Skirmisher
31:16 Double Crossbow
31:37 Conscription
33:12 Heavy Scorpion
35:57 Hoardings
36:09 Wheelbarrow
36:29 Crop Rotation
35:55 Light Cavalry
40:02 Hussar
42:02 Scale Barding Armor
42:08 Forging
43:36 Chain Barding Armor
45:53 Chemistry
45:14 Ballistics
45:05 Fortified Wall
44:51 Murder Holes
45:01 Siege Engineers
45:07 Masonry
45:34 Plate Barding Armor
45:35 Iron Casting
47:54 Scale Mail Armor
47:44 Fletching
47:55 Padded Archer Armor
48:55 Blast Furnace
47:49 Heated Shot
49:14 Arson
48:50 Pikeman
50:40 Hand Cart
50:48 Halberdier
91:03 Caravan
Bambam87607
7:41 Feudal Age
8:51 Double-Bit Axe
8:51 Horse Collar
13:16 Bloodlines
15:29 Wheelbarrow
20:10 Castle Age
20:17 Castle Age
19:05 Scale Barding Armor
19:17 Forging
19:11 Gold Mining
21:21 Wheelbarrow
20:32 Town Watch
22:18 Gold Shaft Mining
21:34 Stone Mining
21:51 Light Cavalry
22:02 Pikeman
25:09 Stone Shaft Mining
24:55 Husbandry
25:58 Chain Barding Armor
26:14 Iron Casting
25:33 Fletching
26:00 Squires
26:33 Heavy Plow
29:45 Fortified Wall
30:35 Scale Mail Armor
33:00 Town Patrol
33:16 Hand Cart
36:35 Bodkin Arrow
37:09 Ballistics
36:46 Murder Holes
89:13 Imperial Age
95:49 Chemistry
95:10 Chain Mail Armor
95:56 Blast Furnace
105:33 Plate Mail Armor
Connection lost

Rejoining the realm…

Still unreachable

The connection could not be restored.

Session expired

The server has moved on; the page needs a fresh start.